 Dungeon Crawl Stone Soup version 0.31-a0-1603-gbec6b6ccbf (webtiles) character file.

Game seed: 10325450860969652161

100 wildpjah the Covered (level 4, -2/40 HPs)
             Began as a Hill Orc Fighter on Jan 8, 2024.
             Was an Initiate of Beogh.
             Slain by Crazy Yiuf
             ... wielding a +3 quarterstaff of chaos
              (5 damage)
             ... while petrified by Crazy Yiuf
             ... on level 2 of the Dungeon.
             The game lasted 00:02:38 (1543 turns).

wildpjah the Covered (Hill Orc Fighter)             Turns: 1543, Time: 00:02:38

Health: -2/40      AC:  7    Str: 23    XL:     4   Next: 74%
Magic:  4/4        EV:  2    Int:  8    God:    Beogh [......]
Gold:   73         SH:  0    Dex: 10    Spells: 3/3 levels left

rFire   . . .        n - +10 hammer of Inconvenience {flame, rPois Str+3}
rCold   . . .        c - +0 buckler
rNeg    + + +        b - +0 scale mail
rPois   ∞            (no helmet)
rElec   .            (no cloak)
rCorr   .            (no gloves)
SInv    .            (no boots)
Will    .....        (no amulet) Stlth
                     (no ring)
HPRegen 0.26/turn    (no ring)
MPRegen 0.09/turn

%: no passive effects
@: mighty, petrified
A: no striking features
a: Renounce Religion


You were on level 2 of the Dungeon.
You worshipped Beogh.
Beogh was noncommittal.
You visited 1 branch of the dungeon, and saw 2 of its levels.

You collected 73 gold pieces.

Inventory:

Hand Weapons
 a - a +0 war axe
 n - the +10 hammer of Inconvenience (weapon) {flame, rPois Str+3}
   (You found it on level 2 of the Dungeon)

   Str+3:     It affects your strength (+3).
   rPois:     It protects you from poison
 o - a +0 hammer of holy wrath
Missiles
 i - 2 poisoned darts
Armour
 b - a +0 scale mail (worn)
 c - a +0 buckler (worn)
Scrolls
 f - 3 scrolls of enchant armour {unknown}
 g - a scroll of amnesia {unknown}
 h - 2 scrolls of teleportation {unknown}
 j - 2 scrolls of poison {unknown}
 k - 2 scrolls of noise {unknown}
Potions
 d - 2 potions of might
 e - a potion of cancellation {unknown}
 l - 2 potions of magic {unknown}
 m - 2 potions of curing {unknown}
 p - a potion of brilliance {unknown}


   Skills:
 + Level 4.1 Fighting
 + Level 4.1 Axes
 + Level 0.1(2.0) Maces & Flails
 + Level 4.4 Armour
 + Level 0.7 Dodging
 + Level 3.5 Shields


You had 3 spell levels left.
You didn't know any spells.
Your spell library contained the following spells:

 Spells                   Type           Power      Damage    Failure   Level
 Blink                    Tloc           0%         N/A       89%         2
 Lesser Beckoning         Tloc           0%         N/A       89%         2
 Momentum Strike          Conj/Tloc      0%         3d8       89%         2
 Cause Fear               Hex            0%         N/A       100%        4
 Fireball                 Conj/Fire      0%         3d3       100%        5
 Dragon's Call            Summ           0%         N/A       100%        9


Dungeon Overview and Level Annotations

Branches:
Dungeon (2/15)

Altars:
Yredelemnul

Annotations:
D:2 Crazy Yiuf


Message History

No target in view!
Things that are here:
a +0 dagger; a +0 robe An endoplasm comes into view.
You sock the endoplasm! You burn the endoplasm.
You kill the endoplasm!
Beogh accepts your kill.
No target in view!
p - a glowing black potion
Things that are here:
a +0 dagger; a stone You see here a +0 hammer.
You see here a +0 hammer.
You see here a +0 hammer.
You see here a +0 hammer.
Crazy Yiuf shouts!
Crazy Yiuf screams, "Goldfish!"
You open the door. You barely miss Crazy Yiuf.
Crazy Yiuf hits you with a +3 quarterstaff of chaos!
You closely miss Crazy Yiuf.
Crazy Yiuf screams, "Ghoul action meccalolo!"
Crazy Yiuf hits you with a +3 quarterstaff of chaos!
Crazy Yiuf freezes you.
Crazy Yiuf hits you with a +3 quarterstaff of chaos!
* * * LOW HITPOINT WARNING * * *
You are slowing down.
You feel very mighty all of a sudden.
Crazy Yiuf hits you with a +3 quarterstaff of chaos!
* * * LOW HITPOINT WARNING * * *
Crazy Yiuf freezes you.
* * * LOW HITPOINT WARNING * * *
Your limbs are stiffening.
Unknown command.
You barely miss Crazy Yiuf.
Crazy Yiuf hits you with a +3 quarterstaff of chaos.
* * * LOW HITPOINT WARNING * * *
You block Crazy Yiuf's attack.
You have turned to stone.
Crazy Yiuf hits you but does no damage.
You are electrocuted!
You die...

#....#################
#.##.................#
#.##################.#
#.# ### #.#
#.########♣♣♣♣♣
#.......+)).♣.♣♣♣ ###
####..#..))).♣..♣#...#
#........)))♣♣♣♣@g...#
#.##.##)+.)♣♣ ♣♣#..)#
..##.##.##♣♣ ###
........# ..)####.#
...####.##### ###
..........#.# #.#
........#...# #.#
#.......##### #.#
###########


You could see Crazy Yiuf.

Vanquished Creatures
  Jessica (D:2)
  Terence (D:2)
  An adder (D:2)
  A dart slug (D:1)
  5 endoplasms
  3 giant cockroaches (D:1)
  A goblin (D:1)
  3 hobgoblins
  2 jackals (D:1)
  5 kobolds
  3 quokkas (D:1)
  3 ball pythons
  4 bats
  2 frilled lizards (D:2)
  2 rats (D:1)
37 creatures vanquished.

Vanquished Creatures (others)
  2 orcs (D:2)
2 creatures vanquished.

Grand Total: 39 creatures vanquished

Notes
Turn   | Place    | Note
-------+----------+-------------------------------------------
     0 | D:1      | wildpjah the Hill Orc Fighter began the quest for the Orb.
     0 | D:1      | Reached XP level 1. HP: 19/19 MP: 1/1
    75 | D:1      | Reached XP level 2. HP: 20/27 MP: 2/2
   262 | D:1      | Reached XP level 3. HP: 33/33 MP: 3/3
   660 | D:2      | Found a basalt altar of Yredelemnul.
   887 | D:2      | Became a worshipper of Beogh the Brigand
  1067 | D:2      | Noticed Terence
  1084 | D:2      | Killed Terence
  1085 | D:2      | Reached XP level 4. HP: 24/40 MP: 4/4
  1167 | D:2      | Identified the +10 hammer of Inconvenience {flame, rPois
                  | Str+3}
  1176 | D:2      | Found a runed translucent door.
  1177 | D:2      | Noticed Crazy Yiuf
  1313 | D:2      | Noticed Jessica
  1320 | D:2      | Killed Jessica
  1542 | D:2      | HP: 2/40 [Crazy Yiuf/+3 quarterstaff of chaos (3)]
  1543 | D:2      | Slain by Crazy Yiuf

Illustrated notes

Levels and vault maps discovered:
D:1:      onia_arrival_mini_spirals, layout_basic
D:2:      layout_loops_cross, basic_altar, uniq_jessica,
          uniq_crazy_yiuf_cottage, uniq_terence

Skill      XL: |  1  2  3 |
---------------+----------+-----
Axes           | 3 4 |  4.1
Fighting       | 4 |  4.1
Armour         | 4 |  4.4
Maces & Flails | |  0.1
Dodging        | |  0.7
Shields        | |  3.5

Action                     |  1- 3 |  4- 6 || total
---------------------------+-------+-------++-------
  Melee: War axe           |   130 |       ||   130
         Mace              |       |    12 ||    12
 Invoke: Convert to Beogh  |     1 |       ||     1
    Use: Potion            |       |     1 ||     1
 Armour: Scale mail        |   105 |    13 ||   118
  Dodge: Dodged            |    77 |     5 ||    82
  Block: Buckler           |    53 |     2 ||    55

Table legend: (Time is in decaauts)
 A = Elapsed time spent in this place.
 B = Non-inter-level travel time spent in this place.
 C = Inter-level travel time spent in this place.
 D = Time resting spent in this place.
 E = Time spent auto-exploring this place.
 F = Levels seen in this place.
 G = Mean time per level.
                   A        B        C        D        E       F      G
               +--------+--------+--------+--------+--------+-----+--------+
         Total |   1596 |   1573 |     23 |      0 |   1240 |   2 |  798.0 |
       Dungeon |   1596 |   1573 |     23 |      0 |   1240 |   2 |  798.0 |
               +--------+--------+--------+--------+--------+-----+--------+

Top non-repeatable levels by time:
     D:2: 959 daAuts
     D:1: 637 daAuts
